 Dungeon Crawl Stone Soup version 0.32-a0-468-g38b2580584 (webtiles) character file.

Game seed: 9406070723589854666

175 ezpacito the Trooper (level 5, -1/41 HPs)
             Began as a Demonspawn Chaos Knight on Feb 24, 2024.
             Was a Plaything of Xom.
             Incinerated by a bombardier beetle (2 damage)
             ... with a burning spray
             ... on level 3 of the Dungeon.
             The game lasted 00:02:08 (1882 turns).

ezpacito the Trooper (Demonspawn Chaos Knight)      Turns: 1882, Time: 00:02:08

Health: -1/41      AC:  6    Str: 14 (15) XL:     5   Next: 29%
Magic:  0/6        EV: 11    Int:  9 (12) God:    Xom [.*....]
Gold:   60         SH:  0    Dex:  9 (12) Spells: 6/6 levels left

rFire   . . .        a - +0 hand axe (chaos)
rCold   . . .        (no shield)
rNeg    . . .        b - +2 leather armour
rPois   .            (no helmet)
rElec   .            (no cloak)
rCorr   .            n - +0 pair of gloves
SInv    .            (no boots)
Will    .....        e - amulet of guardian spirit
Stlth   +            (no ring)
HPRegen 0.26/turn    (no ring)
MPRegen 0.10/turn

%: guardian spirit
@: on fire, hasted, glowing, very quick
A: foul stench 1, condensation shield, weakness stinger 2
a: Renounce Religion


You were on level 3 of the Dungeon.
You worshipped Xom.
You were a plaything of Xom.
You visited 1 branch of the dungeon, and saw 3 of its levels.

You collected 120 gold pieces.
You spent 60 gold pieces at shops.

Inventory:

Hand Weapons
 a - a +0 hand axe of chaos (weapon)
Missiles
 i - 2 poisoned darts (quivered)
 p - 5 curare-tipped darts
Armour
 b - a +2 leather armour (worn)
 n - a +0 pair of gloves (worn)
Jewellery
 e - an amulet of guardian spirit (around neck)
 g - an amulet of magic regeneration
Talismans
 f - a blade talisman
Scrolls
 c - a scroll of butterflies
 d - a scroll of fear {unknown}
 h - 3 scrolls of identify {unknown}
 l - a scroll of torment {unknown}
 m - a scroll of fog {unknown}
Potions
 o - a potion of degeneration


   Skills:
 + Level 3.3 Fighting
 * Level 3.2(3.3) Axes
 + Level 0.6(2.1) Polearms
 + Level 0.5 Throwing
 * Level 2.7 Armour
 * Level 1.8 Dodging
 + Level 1.0 Stealth
 * Level 1.7 Unarmed Combat
 + Level 1.0 Spellcasting


You had 6 spell levels left.
You didn't know any spells.
Your spell library contained the following spells:

 Spells                   Type           Power      Damage    Failure   Level
 Apportation              Tloc           0%         N/A       41%         1
 Jinxbite                 Hex            0%         N/A       56%         2
 Alistair's Intoxication  Alch           0%         N/A       100%        5


Dungeon Overview and Level Annotations

Branches:
Dungeon (3/15)

Altars:

Shops:
D:2 (


Innate Abilities, Weirdness & Mutations

You may rarely emit foul miasma when damaged in melee.
A meltable shield of frost defends you. (SH +0)
You have a tail ending in a sharp stinger.


Message History

Your condensation shield dissipates!
You are covered in liquid fire!
You hit the bombardier beetle.
The bombardier beetle is poisoned.
The bombardier beetle is lightly wounded.
The liquid fire burns you! The bombardier beetle bites you.
You closely miss the bombardier beetle.
The bombardier beetle is moderately wounded.
The liquid fire burns you!
Unknown command.
You barely miss the bombardier beetle.
The bombardier beetle is heavily wounded.
You hit the ribbon worm.
The ribbon worm looks even sicker.
The liquid fire burns you!
The bombardier beetle bites you but does no damage.
The ribbon worm bites you!
* * * LOW HITPOINT WARNING * * *
You emit a cloud of foul miasma!
It was a potion of haste.
You feel yourself speed up.
Xom thinks this is hilarious!
The liquid fire burns you!
* * * LOW HITPOINT WARNING * * *
The frilled lizard bites you but does no damage.
The bombardier beetle sprays incendiary fluid at you.
The burning spray hits you.
You are even more covered in liquid fire!
It was a potion of degeneration.
There was something very wrong with that liquid.
You feel weakened.
You feel dopey.
You feel clumsy.
Xom roars with laughter!
The liquid fire burns you!
* * * LOW HITPOINT WARNING * * *
You kill the ribbon worm!
The frilled lizard completely misses you.
You barely miss the bombardier beetle.
The bombardier beetle is almost dead.
You barely miss the frilled lizard. The liquid fire burns you!
You die... "This toy is broken."

#.# #.# ####
## ## ....
#. .# ..[.
#.#. ... #
..# ..# #.
##.# #.###.#
#.
#..##○.....+
#.###.#)@l#
#.....B#.#
#.####.##.#
#. #...#.#
#. #..#...#
# #... ##+.
..#>. ...
.##.. . # .#
#..


You could see a bombardier beetle (poisoned) and a frilled lizard.

Vanquished Creatures
  2 bombardier beetles (D:3)
  A jelly (D:2)
  2 adders (D:2)
  A dart slug (D:1)
  2 ribbon worms (D:3)
  An orc (D:3)
  4 endoplasms
  2 giant cockroaches
  5 hobgoblins
  4 jackals (D:1)
  2 quokkas (D:2)
  7 ball pythons
  9 bats
  3 frilled lizards
  5 goblins
  3 kobolds (D:1)
  3 rats (D:1)
56 creatures vanquished.

Notes
Turn   | Place    | Note
-------+----------+-------------------------------------------
     0 | D:1      | ezpacito the Demonspawn Chaos Knight began the quest for
                  | the Orb.
     0 | D:1      | Reached XP level 1. HP: 18/18 MP: 1/1
    56 | D:1      | Reached skill level 1 in Dodging
    65 | D:1      | Gained mutation: You have a small tail. [demonic ancestry]
    65 | D:1      | Reached XP level 2. HP: 15/24 MP: 2/2
    79 | D:1      | XOM: silly message
   224 | D:1      | XOM: god gift: tiny peridot amulet {god gift}
   348 | D:1      | XOM: summons 2 hostile demons
   567 | D:1      | XOM: divination: detect creatures
   570 | D:1      | Gained mutation: You have a tail ending in a sharp stinger.
                  | [demonic ancestry]
   570 | D:1      | Reached XP level 3. HP: 26/29 MP: 1/3
   570 | D:1      | XOM: stat loss: -1 Str (13/14)
   868 | D:2      | Reached skill level 1 in Unarmed Combat
  1009 | D:2      | Gained mutation: You may rarely emit foul miasma when
                  | damaged in melee. [demonic ancestry]
  1009 | D:2      | Reached XP level 4. HP: 27/35 MP: 3/5
  1208 | D:2      | XOM: cloud trail
  1278 | D:2      | Found a faded altar of an unknown god.
  1491 | D:2      | Found Seex's Weapon Boutique.
  1498 | D:2      | Bought 5 curare-tipped darts for 60 gold pieces
  1706 | D:3      | Gained mutation: A meltable shield of frost defends you.
                  | (SH +0) [demonic ancestry]
  1706 | D:3      | Reached XP level 5. HP: 13/41 MP: 3/6
  1858 | D:3      | XOM: 1-stop teleportation journey
  1864 | D:3      | Reached skill level 1 in Stealth
  1874 | D:3      | Reached skill level 1 in Spellcasting
  1880 | D:3      | HP: 2/41 [burnt (4)]
  1882 | D:3      | Incinerated by a bombardier beetle

Illustrated notes

Levels and vault maps discovered:
D:1:      dpeg_arrival_leaves_temple_mockup, layout_basic
D:2:      layout_loops_cross, serial_glass, glass_columns_c, glass_columns_a,
          glass_columns_b, glass_columns_a, serial_shops, shop,
          basic_ecumenical_altar, kennysheep_doodads
D:3:      layout_loops_ring, minmay_fractal_squares_diagonal_5, uniq_natasha

Skill      XL: |  1  2  3  4  5 |
---------------+----------------+-----
Dodging        | 1 |  1.8
Armour         | 2 |  2.7
Unarmed Combat | 1 |  1.7
Axes           | 3 |  3.2
Stealth        | 1 |  1.0
Spellcasting   | 1 |  1.0
Fighting       | |  3.3
Polearms       | |  0.6
Throwing       | |  0.5

Action                     |  1- 3 |  4- 6 || total
---------------------------+-------+-------++-------
  Melee: Hand axe          |    95 |    73 ||   168
         Tailslap          |    11 |    10 ||    21
    Use: Potion            |       |     3 ||     3
   Stab: Sleeping          |     1 |     2 ||     3
         Petrifying        |       |     2 ||     2
 Armour: Leather armour    |    62 |    44 ||   106
  Dodge: Dodged            |    67 |    42 ||   109
  Block: Other             |       |     5 ||     5

Table legend: (Time is in decaauts)
 A = Elapsed time spent in this place.
 B = Non-inter-level travel time spent in this place.
 C = Inter-level travel time spent in this place.
 D = Time resting spent in this place.
 E = Time spent auto-exploring this place.
 F = Levels seen in this place.
 G = Mean time per level.
                   A        B        C        D        E       F      G
               +--------+--------+--------+--------+--------+-----+--------+
         Total |   1906 |   1852 |     54 |      0 |   1471 |   3 |  635.3 |
       Dungeon |   1906 |   1852 |     54 |      0 |   1471 |   3 |  635.3 |
               +--------+--------+--------+--------+--------+-----+--------+

Top non-repeatable levels by time:
     D:1: 875 daAuts
     D:2: 826 daAuts
     D:3: 204 daAuts
